 Dungeon Crawl Stone Soup version 0.30-a0-222-ge547ba4400 (webtiles) character file.

Game seed: 3784904906951291166

44 heikuro the Shield-Bearer (level 3, -3/30 HPs)
             Began as a Formicid Fighter on Oct 9, 2022.
             Killed from afar by Ijyb (17 damage)
             ... with a bolt of dispelling energy
             ... on level 3 of the Dungeon.
             The game lasted 00:02:52 (1452 turns).

heikuro the Shield-Bearer (Formicid Fighter)        Turns: 1452, Time: 00:02:52

Health: -3/30      AC: 11    Str: 22    XL:     3   Next: 85%
Magic:  3/3        EV:  3    Int:  7    God:
Gold:   110        SH: 15    Dex: 19    Spells: 2/2 levels left

rFire   . . .      SeeInvis +    a - +0 trident
rCold   . . .      Faith    .    m - +0 tower shield
rNeg    . . .      Spirit   .    g - +0 plate armour
rPois   .          Reflect  .    (helmet unavailable)
rElec   .          Harm     .    (no cloak)
rCorr   +          Rampage  .    (no gloves)
Will    .....                    (no boots)
Stlth   ..........               (no amulet)
HPRegen 0.25/turn                f - ring of resist corrosion
MPRegen 0.08/turn                l - +6 ring of dexterity

@: no status effects
A: permanent stasis, dig shafts and tunnels, antennae 3, four strong arms
a: Dig, Shaft Self


You were on level 3 of the Dungeon.
You visited 1 branch of the dungeon, and saw 3 of its levels.

You collected 110 gold pieces.

Inventory:

Hand Weapons
 a - a +0 trident (weapon)
Missiles
 j - 6 poisoned darts (quivered)
Armour
 g - a +0 plate armour (worn)
 m - a +0 tower shield (worn)
Jewellery
 f - a ring of resist corrosion (left hand)
 l - a +6 ring of dexterity (right hand)
Scrolls
 b - a scroll of fear {unknown}
 e - 3 scrolls of identify {unknown}
 h - a scroll of vulnerability {unknown}
Potions
 d - a potion of might
 i - 2 potions of brilliance {unknown}
 k - 2 potions of heal wounds {unknown}


   Skills:
 + Level 3.6 Fighting
 * Level 2.9 Polearms
 + Level 3.6 Armour
 + Level 4.4 Shields


You had 2 spell levels left.
You didn't know any spells.
Your spell library was empty.

Dungeon Overview and Level Annotations

Branches:
Dungeon (3/15)

Altars:

Shops:
D:2 [

Annotations:
D:3 Ijyb


Innate Abilities, Weirdness & Mutations

You cannot be hasted, slowed, berserked, paralysed or teleported.
You can dig through walls and to a lower floor.
You have a pair of large antennae on your head. (SInv)
Your four strong arms can wield two-handed weapons with a shield.


Message History

The dart slug launches a dart at you.
The slug dart hits you but does no damage.
You hit the dart slug.
The dart slug is moderately wounded.
The dart slug barely misses you.
You completely miss the dart slug.
The dart slug is moderately wounded.
The dart slug launches a dart at you. You block the slug dart.
You puncture the dart slug!
You kill the dart slug!
e - 3 scrolls labelled PEDAOWKEHE (gained 1)
You now have 110 gold pieces (gained 10).
Done exploring.
Done exploring.
There is a stone staircase leading down here.
You climb downwards.
There is a stone staircase leading up here.
You reach to attack!
You puncture the goblin!
You kill the goblin!
No target in view!
No target in view!
No target in view!
Things that are here:
a +0 club; a goblin corpse
Found a helmet.
You see here a +0 helmet.
Found 6 datura-tipped darts.
Ijyb the Twisted Goblin comes into view.
She is wielding a +0 dagger and carrying a wand of quicksilver (11).
Ijyb shouts!
Ijyb screams, "You nasty!
Big nasty!"
Ijyb zaps a wand.
The bolt of dispelling energy hits you!
Ouch! That really hurt!
Unknown command.
Level annotation: Ijyb Welcome back, heikuro the Formicid Fighter.
Press ? for a list of commands and other information.
Ijyb zaps a wand.
The bolt of dispelling energy hits you!
Ouch! That really hurt!
You die...

#g .# #.#.## # #.g..#.#
....(.# ......# ##...#
#.....# #...# #.#.#.#
#.### ...... #.# .....#
#########@####### .....#
#........[.......
.....###.#######.#######
...)..##.# #.#
......##.#######.#
<.....##.........#
.........#########
##########


You could see Ijyb.

Vanquished Creatures
  An adder (D:2)
  A worm (D:2)
  2 dart slugs
  3 endoplasms
  A giant cockroach (D:2)
  2 goblins
  2 hobgoblins (D:2)
  2 jackals (D:2)
  A kobold (D:1)
  3 quokkas
  2 ball pythons
  3 bats
  A frilled lizard (D:2)
24 creatures vanquished.

Notes
Turn   | Place    | Note
-------+----------+-------------------------------------------
     0 | D:1      | heikuro the Formicid Fighter began the quest for the Orb.
     0 | D:1      | Reached XP level 1. HP: 18/18 MP: 1/1
   392 | D:1      | Reached XP level 2. HP: 24/24 MP: 2/2
   811 | D:2      | Identified the +4 helmet of Insatiable Hunger {Rampage
                  | rPois rN++ Int-5}
   963 | D:2      | Reached XP level 3. HP: 29/29 MP: 3/3
  1000 | D:2      | Found Rehuf's Armour Emporium.
  1449 | D:3      | Noticed Ijyb
  1452 | D:3      | Killed from afar by Ijyb

Illustrated notes

Levels and vault maps discovered:
D:1:      nicolae_arrival_memento_mori, layout_loops_cross
D:2:      layout_basic, serial_shops, shop, minmay_distorted
D:3:      layout_loops_ring, chequers_ecumenical_altar_island,
          saegor_snake_ambush, uniq_ijyb

Action                   || total
-------------------------++-------
Melee: Trident           ||    60
Armor: Scale mail        ||     8
       Plate armour      ||    17
Dodge: Dodged            ||    15
Block: Buckler           ||     4
       Tower shield      ||    12

Table legend: (Time is in decaauts)
 A = Elapsed time spent in this place.
 B = Non-inter-level travel time spent in this place.
 C = Inter-level travel time spent in this place.
 D = Time resting spent in this place.
 E = Time spent auto-exploring this place.
 F = Levels seen in this place.
 G = Mean time per level.
                   A        B        C        D        E       F      G
               +--------+--------+--------+--------+--------+-----+--------+
         Total |   1468 |   1382 |     86 |     29 |   1038 |   3 |  489.3 |
       Dungeon |   1468 |   1382 |     86 |     29 |   1038 |   3 |  489.3 |
               +--------+--------+--------+--------+--------+-----+--------+

Top non-repeatable levels by time:
     D:2: 741 daAuts
     D:1: 694 daAuts
     D:3: 32 daAuts
